 Dungeon Crawl Stone Soup version 0.29.1-13-g9f3cf754e1 (webtiles) character file.

Game seed: 16341413385933529688

7 growler the Gusty (level 1, 0/15 HPs)
             Began as a Demonspawn Wanderer on Feb 5, 2023.
             Slain by a jackal (2 damage)
             ... on level 1 of the Dungeon.
             The game lasted 00:01:16 (221 turns).

growler the Gusty (Demonspawn Wanderer)              Turns: 221, Time: 00:01:17

Health: 0/15       AC:  2    Str:  9    XL:     1   Next: 83%
Magic:  2/2        EV: 15    Int: 17    God:
Gold:   5          SH:  0    Dex: 11    Spells: 1/2 levels left

rFire   . . .      SeeInvis .   a - +0 dagger
rCold   . . .      Faith    .   (no shield)
rNeg    . . .      Spirit   .   d - +0 robe
rPois   .          Reflect  .   (no helmet)
rElec   .          Harm     .   (no cloak)
rCorr   .          Rampage  .   (no gloves)
Will    .....                   (no boots)
Stlth   +.........              (no amulet)
HPRegen 0.05/turn               c - +4 ring of evasion
MPRegen 0.08/turn               (no ring)

@: no status effects
A: no striking features
a: no special abilities


You were on level 1 of the Dungeon.
You visited 1 branch of the dungeon, and saw 1 of its levels.

You collected 5 gold pieces.

Inventory:

Hand Weapons
 a - a +0 dagger (weapon)
Missiles
 b - 9 boomerangs (quivered)
Armour
 d - a +0 robe (worn)
 f - a scarf of invisibility
Jewellery
 c - a +4 ring of evasion (left hand)
Potions
 e - a potion of lignification {unknown}


   Skills:
 - Level 1.0 Fighting
 + Level 1.8 Throwing
 - Level 1.0 Armour
 - Level 1.0 Stealth
 - Level 1.0 Spellcasting
 - Level 1.0 Transmutations
 - Level 3.6 Air Magic


You had one spell level left.
You knew the following spells:

 Your Spells              Type           Power      Damage    Failure   Level
a - Shock                 Conj/Air       24%        1d4       11%         1

Your spell library contained the following spells:

 Spells                   Type           Power      Damage    Failure   Level
 Poisonous Vapours        Pois/Air       12%        N/A       16%         2
 Wereblood                Tmut           4%         N/A       22%         2
 Passwall                 Tmut/Erth      1%         N/A       26%         2
 Airstrike                Air            6%         2d(1-17)  43%         4


Dungeon Overview and Level Annotations

Branches:
Dungeon (1/15)

Altars:

Annotations:
D:1 1 runed translucent door


Message History

The jackal bites you but does no damage.
The jackal completely misses you. The jackal closely misses you.
The jackal attacks as you move away! The jackal barely misses you.
The jackal closely misses you. The jackal misses you. The jackal bites you.
The jackal attacks as you move away! The jackal bites you.
* * * LOW HITPOINT WARNING * * *
The jackal bites you.
* * * LOW HITPOINT WARNING * * *
You hit the jackal.
The jackal is severely wounded.
The jackal barely misses you. The jackal closely misses you.
You barely miss the jackal.
The jackal is severely wounded.
The jackal bites you but does no damage.
The jackal barely misses you. x2; The jackal misses you.
The jackal closely misses you.
You hit the jackal.
The jackal is almost dead.
The jackal barely misses you. The jackal completely misses you.
The jackal bites you.
* * * LOW HITPOINT WARNING * * *
You closely miss the jackal.
The jackal is almost dead.
The jackal closely misses you. The jackal misses you.
The jackal bites you but does no damage.
The jackal barely misses you.
The jackal bites you but does no damage. x2
You hit the jackal.
You kill the jackal!
The jackal closely misses you.
The jackal bites you but does no damage.
You completely miss the jackal.
The jackal bites you but does no damage.
The jackal misses you. The jackal barely misses you.
You closely miss the jackal. The jackal misses you. The jackal bites you.
* * * LOW HITPOINT WARNING * * *
The jackal closely misses you. x2; The jackal barely misses you. x2
You closely miss the jackal. The jackal bites you.
You die...

.... #.# ...
.....##)####.#
..........##.#
.....##.#.##.#
.....#.......# .##
##.#.........#
..............#.#
##.##.#.#.....hh#
......#.#.###.#@#
#......#.....h.#
##)#.......###
#...#####...#
#...# #.....#
#...# #.......
#...# ##. ....
#####...#####.....
.............#.#


You could see 3 jackals.

Vanquished Creatures
  2 endoplasms (D:1)
  A hobgoblin (D:1)
  A jackal (D:1)
  A kobold (D:1)
5 creatures vanquished.

Notes
Turn   | Place    | Note
-------+----------+-------------------------------------------
     0 | D:1      | growler the Demonspawn Wanderer began the quest for the
                  | Orb.
     0 | D:1      | growler set off with the following items: a +0 dagger, 9
                  | boomerangs, a potion of heal wounds, a +0 robe; and the
                  | following spell memorised: Shock; and the following spells
                  | available to memorise: Poisonous Vapours, Wereblood,
                  | Passwall, Airstrike.
     0 | D:1      | Reached XP level 1. HP: 15/15 MP: 2/2
     1 | D:1      | Found a runed translucent door.
   221 | D:1      | Slain by a jackal

Illustrated notes

Levels and vault maps discovered:
D:1:      dpeg_arrival_caged_fury, layout_loops_cross,
          ebering_ecumenical_altar_sacrificial

Action                   || total
-------------------------++-------
Melee: Dagger            ||    30
  Use: Potion            ||     1
 Stab: Sleeping          ||     1
Armor: Robe              ||    13
Dodge: Dodged            ||    39
